 Dungeon Crawl Stone Soup version 0.31-a0-851-g7ff8af7976 (webtiles) character file.

Game seed: 7973934762655492891

3439 Revguard the Covert (level 9, -3/53 HPs)
             Began as a Vampire Brigand on Oct 6, 2023.
             Was a Follower of Kikubaaqudgha.
             Slain by an orc warrior
             ... wielding a +0 short sword
              (12 damage)
             ... on level 8 of the Dungeon.
             The game lasted 00:28:28 (6967 turns).

Revguard the Covert (Vampire Brigand)               Turns: 6967, Time: 00:28:29

Health: -3/53      AC: 11    Str: 16    XL:     9   Next: 77%
Magic:  12/15      EV: 15    Int: 16    God:    Kikubaaqudgha [*.....]
Gold:   526        SH:  0    Dex: 17    Spells: 10/16 levels left

rFire   + + .        m - +0 dagger (venom)
rCold   + + .        (no shield)
rNeg    + + +        B - +2 robe {rF+}
rPois   ∞            (no helmet)
rElec   .            c - +0 cloak
rCorr   .            D - +0 pair of gloves
SInv    +            b - +0 pair of boots
Will    .....        (no amulet)
Stlth   ++++++       f - +4 ring of protection
HPRegen 0.00/turn    k - +6 ring of strength
MPRegen 0.14/turn

%: no passive effects
@: bloodless, inhibited regen
A: bloodless, fangs 3, see invisible, vampiric 2, fire resistance 1, evolution 1
a: Bat Form, Revivify, Renounce Religion, Unearth Wretches


You were on level 8 of the Dungeon.
You worshipped Kikubaaqudgha.
Kikubaaqudgha was aware of your devotion.
You visited 2 branches of the dungeon, and saw 9 of its levels.
You visited the Abyss 1 time.
You also visited: Sewer.

You collected 526 gold pieces.

Inventory:

Hand Weapons
 a - a +3 dagger
 j - a +0 rapier
 m - a +0 dagger of venom (weapon)
Missiles
 d - 20 poisoned darts (quivered)
 e - 3 curare-tipped darts
 h - 2 darts of dispersal
 t - 8 javelins
 w - 3 atropa-tipped darts
Armour
 b - a +0 pair of boots (worn)
 c - a +0 cloak (worn)
 B - a +2 robe of fire resistance (worn)
 D - a +0 pair of gloves (worn)
Jewellery
 f - a +4 ring of protection (left hand)
 k - a +6 ring of strength (right hand)
Wands
 o - a wand of flame (14)
 r - a wand of digging (6)
 v - a wand of polymorph (5)
Scrolls
 i - a scroll of torment
 l - a scroll of fog
 n - 2 scrolls of revelation
 x - 2 scrolls of enchant weapon
 y - a scroll of immolation
 E - a scroll of enchant armour {unknown}
 F - a scroll of amnesia
Potions
 g - 4 potions of attraction
 p - 8 potions of curing
 q - a potion of lignification
 s - a potion of enlightenment
 u - 2 potions of ambrosia
 z - a potion of degeneration {unknown}
 A - a potion of haste {unknown}
 C - a potion of invisibility


   Skills:
 + Level 4.8 Fighting
 + Level 5.9 Short Blades
 - Level 1.5 Throwing
 + Level 3.9 Armour
 + Level 5.6 Dodging
 + Level 9.6 Stealth
 + Level 4.2 Spellcasting
 + Level 6.6 Hexes
 + Level 5.0 Necromancy


You had 10 spell levels left.
You knew the following spells:

 Your Spells              Type           Power      Damage    Failure   Level
a - Vampiric Draining     Necr           19%        2d7       6%          3
b - Tukima's Dance        Hex            24%        N/A       3%          3

Your spell library contained the following spells:

 Spells                   Type           Power      Damage    Failure   Level
 Necrotise                Necr           76%        1d7       1%          1
 Sublimation of Blood     Necr           19%        N/A       3%          2
 Kiss of Death            Conj/Necr      44%        2d8       6%          1
 Sting                    Tmut/Pois      12%        1d3       17%         1
 Animate Dead             Necr           19%        N/A       21%         4
 Blink                    Tloc           6%         N/A       26%         2
 Lesser Beckoning         Tloc           6%         N/A       26%         2
 Momentum Strike          Conj/Tloc      6%         3d8       26%         2
 Poisonous Vapours        Pois/Air       6%         N/A       26%         2
 Wereblood                Tmut           3%         N/A       26%         2
 Dimensional Bullseye     Hex/Tloc       6%         N/A       38%         4
 Agony                    Necr           19%        N/A       50%         5
 Iskenderun's Mystic Bla  Conj/Tloc      3%         2d3       86%         4
 Olgreb's Toxic Radiance  Pois           3%         N/A       86%         4
 Summon Hydra             Summ           1%         N/A       100%        7


Dungeon Overview and Level Annotations

Branches:
Dungeon (8/15)             Temple (1/1) D:6           Sewer (visited)
   Lair: D:8-11

Altars:
Dithmenos
Gozag
Hepliaklqana
Kikubaaqudgha
Makhleb
Nemelex Xobeh
Okawaru
Qazlal
Ru
Trog
Uskayaw
Vehumet
Wu Jian
Xom
Yredelemnul
Lugonu

Shops:
D:7 *

Portals:
Abyss: D:3


Innate Abilities, Weirdness & Mutations

You do not regenerate when monsters are visible.
You are frail without blood (-20% HP).
You can heal yourself when you bite living creatures.
You are immune to poison.
You have razor-sharp teeth.
You have supernaturally acute eyesight. (SInv)
You are afflicted with vampirism and can become a bat while bloodless.
Your flesh is heat resistant. (rF+)
You have hidden genetic potential.


Message History

The quasit is heavily wounded.
The quasit bites you but does no damage.
The quasit closely misses you. x2
You hit the quasit but do no damage.
The quasit looks as sick as possible!
Your bite misses the quasit.
The quasit is severely wounded.
The quasit barely misses you. x2
The quasit claws you but does no damage.
You miss the quasit. Your punch misses the quasit.
The quasit is severely wounded.
You kill the quasit!
Kikubaaqudgha accepts your kill.
Found a gateway leading deeper into the Abyss.
A neqoxec comes into view.
Found a gateway leading out of the Abyss.
A small abomination comes into view.
There is a gateway leading out of the Abyss here.
You pass through the gate.
Welcome back to the Dungeon!
The orc hits you with a +0 hand axe of distortion.
Space warps horribly around you!
You hit the orc.
The orc is poisoned.
You bite the orc, but do no damage.
The orc is lightly wounded.
The orc hits you with a +0 hand axe of distortion.
Space warps horribly around you.
The orc warrior hits you with a +0 short sword!
* * * LOW HITPOINT WARNING * * *
Okay, then.
Casting: Vampiric Draining (dangerous; 6% risk of failure)
Confirm with . or Enter, or press ? or * to list all spells.
Aiming: Vampiric Draining (dangerous; 6% risk of failure)
Press: ? - help, Shift-Dir - straight line, f - orc
Aim: an orc, wielding a +0 hand axe of distortion and wearing a +0 leather armour (lightly wounded, very poisoned)
You draw life force from the orc!
You kill the orc!
Kikubaaqudgha accepts your kill.
You feel life coursing into your body.
The orc warrior hits you with a +0 short sword!
You die...
Kikubaaqudgha rasps: "You have failed me!
Welcome... oblivion!"

#............#.#
#.# #
#...............#
#.########
..###....#####..#
#.........
........#####..#
##########
.................
.........##########
....[............
...###.#.#########
.. #....)@o....#
..^.....######.#
###..>..# #.......#
#........
#$......##
#...##... ... ###


You could see an orc warrior.

Vanquished Creatures
  Pikel (D:7)
  A hornet (D:7)
  Sigmund (D:3)
  A ynoxinul (Abyss:1)
  A steam dragon (D:7)
  4 water moccasins
  An orc warrior (D:8)
  3 black bears
  An ice beast (D:7)
  3 centaurs
  2 lemures (D:7)
  2 phantoms (D:7)
  A kobold brigand (D:6)
  3 bullfrogs
  3 scorpions
  A quasit (Abyss:1)
  4 hounds
  4 orc priests
  A sleepcap (D:7)
  Jessica (D:3)
  A gnoll bouda (D:7)
  4 orc wizards
  A gnoll (D:1)
  6 adders
  2 shadow imps
  4 white imps
  An ufetubus (D:5)
  A worm (D:2)
  2 dart slugs
  22 orcs
  13 ball pythons
  8 endoplasms
  4 giant cockroaches
  10 goblins
  5 hobgoblins (D:1)
  4 jackals
  13 kobolds
  5 quokkas
  10 bats
  4 frilled lizards
  4 rats
  A lurking horror (D:3)
164 creatures vanquished.

Notes
Turn   | Place    | Note
-------+----------+-------------------------------------------
     0 | D:1      | Revguard the Vampire Brigand began the quest for the Orb.
     0 | D:1      | Reached XP level 1. HP: 16/16 MP: 1/1
   108 | D:1      | Reached XP level 2. HP: 22/22 MP: 2/2
   159 | D:1      | Reached skill level 6 in Stealth
   302 | D:1      | Gained mutation: You are afflicted with vampirism and can
                  | become a bat while bloodless. [Vampire growth]
   302 | D:1      | Reached XP level 3. HP: 8/27 MP: 3/3
   377 | D:1      | Reached skill level 1 in Necromancy
   751 | D:2      | Reached skill level 1 in Hexes
   928 | D:2      | Reached skill level 1 in Spellcasting
  1154 | D:2      | Reached XP level 4. HP: 33/33 MP: 5/5
  1410 | D:3      | Noticed Sigmund
  1416 | D:3      | Killed Sigmund
  1417 | D:3      | Reached skill level 1 in Armour
  1417 | D:3      | Reached XP level 5. HP: 31/31 MP: 5/7
  1736 | D:3      | Found a one-way gate to the infinite horrors of the Abyss.
  1736 | D:3      | Found a corrupted altar of Lugonu.
  1949 | D:3      | Noticed Jessica
  1955 | D:3      | Killed Jessica
  1956 | D:3      | Reached XP level 6. HP: 31/36 MP: 8/8
  2085 | D:4      | Found a glowing drain.
  2118 | Sewer    | Entered a sewer
  2193 | Sewer    | Noticed a water moccasin
  2211 | Sewer    | Killed a water moccasin
  2212 | Sewer    | Reached skill level 7 in Stealth
  2574 | D:4      | Found an iron altar of Okawaru.
  2669 | D:4      | Learned a level 3 spell: Vampiric Draining
  2676 | D:4      | Reached XP level 7. HP: 41/41 MP: 10/10
  2898 | D:5      | Entered Level 5 of the Dungeon
  2909 | D:5      | Found a stormy altar of Qazlal.
  3054 | D:5      | Learned a level 3 spell: Tukima's Dance
  3450 | D:6      | Found a staircase to the Ecumenical Temple.
  3463 | Temple   | Entered the Ecumenical Temple
  3586 | Temple   | Became a worshipper of Kikubaaqudgha
  4107 | D:6      | Reached XP level 8. HP: 23/46 MP: 10/12
  4397 | D:6      | Reached skill level 8 in Stealth
  4561 | D:6      | Found a hazy altar of Hepliaklqana.
  4652 | D:6      | Gained mutation: You have hidden genetic potential. [potion
                  | of mutation]
  4685 | D:7      | Found Ea-nāṣir's Fine Metal Goods.
  4728 | D:7      | Noticed a hornet
  4739 | D:7      | Killed a hornet
  4907 | D:7      | Noticed Pikel
  4948 | D:7      | Reached skill level 5 in Hexes
  4978 | D:7      | Killed Pikel
  4979 | D:7      | Reached skill level 5 in Short Blades
  4979 | D:7      | Reached XP level 9. HP: 17/52 MP: 12/14
  5304 | D:7      | Gained mutation: Your flesh is heat resistant. (rF+)
                  | [hidden potential]
  5497 | D:7      | Found a sparkling altar of Nemelex Xobeh.
  5500 | D:7      | Reached skill level 5 in Dodging
  5500 | D:7      | Reached skill level 9 in Stealth
  6407 | D:8      | Reached * piety under Kikubaaqudgha
  6407 | D:8      | Received a gift from Kikubaaqudgha
  6572 | D:8      | Identified the +4 scale mail of Vehumet's Wrath {SInv}
  6837 | Abyss:1  | Cast into level 1 of the Abyss (orc)
  6890 | Abyss:1  | Reached skill level 5 in Necromancy
  6893 | Abyss:1  | Noticed a smoke demon
  6965 | D:8      | Escaped the Abyss
  6967 | D:8      | Slain by an orc warrior

Illustrated notes

Levels and vault maps discovered:
D:1:      dpeg_arrival_tiny_a, layout_loops_ring
D:2:      layout_basic
D:3:      layout_basic, supply_closet_lemuel, minmay_misc_feat_x,
          chequers_serial_rivers_micro_c, amcnicky_altar_lugonu_corruption,
          uniq_sigmund, uniq_jessica
D:4:      layout_cave_pools, kennysheep_okawaru_gauntlet, portal_sewer_entry_f
D:5:      layout_cave_pools, mainiacjoe_overflow_concentric_impassable
D:6:      layout_gridville, kennysheep_mini_moat,
          minmay_temple_entry_statues_fountains
D:7:      layout_basic, mainiacjoe_overflow_surrounded_room,
          nicolae_ea-nasir_strikes_again, st_stairs_2, uniq_pikel
D:8:      layout_basic, grunt_temple_overflow_diamond
Temple:   oiseaux_autumnal_temple

Skill      XL: |  1  2  3  4  5  6  7  8  9 |
---------------+----------------------------+-----
Stealth        | 6 7 8 9 |  9.6
Fighting       | 2 3 4 |  4.8
Necromancy     | 1 2 3 4 5 |  5.0
Hexes          | 1 2 3 4 5 6 |  6.6
Spellcasting   | 1 2 3 4 |  4.2
Short Blades   | 3 4 5 |  5.9
Armour         | 1 2 3 |  3.9
Dodging        | 2 3 4 5 |  5.6
Throwing       | |  1.5

Action                     |  1- 3 |  4- 6 |  7- 9 || total
---------------------------+-------+-------+-------++-------
  Melee: Dagger            |    89 |    98 |   391 ||   578
         Rapier            |    24 |    29 |    55 ||   108
         Bite              |     8 |    15 |    69 ||    92
         Punch             |     1 |     1 |     8 ||    10
  Throw: Dart              |     1 |     3 |     2 ||     6
   Cast: Vampiric Draining |       |       |     6 ||     6
Ability: Exsanguinate      |       |     1 |       ||     1
    Use: Scroll            |       |     7 |     8 ||    15
         Potion            |       |     4 |     6 ||    10
   Stab: Sleeping          |    15 |    21 |    12 ||    48
         Distracted        |       |     1 |     1 ||     2
         Invisible         |       |       |     4 ||     4
 Armour: Robe              |    58 |     4 |   142 ||   204
         Ring mail         |       |    72 |   154 ||   226
  Dodge: Dodged            |    69 |    77 |   291 ||   437

Table legend: (Time is in decaauts)
 A = Elapsed time spent in this place.
 B = Non-inter-level travel time spent in this place.
 C = Inter-level travel time spent in this place.
 D = Time resting spent in this place.
 E = Time spent auto-exploring this place.
 F = Levels seen in this place.
 G = Mean time per level.
                   A        B        C        D        E       F      G
               +--------+--------+--------+--------+--------+-----+--------+
         Total |   6851 |   6625 |    226 |    352 |   4431 |  11 |  622.8 |
       Dungeon |   6427 |   6267 |    160 |    326 |   4353 |   8 |  803.4 |
        Temple |    152 |     87 |     65 |      0 |      0 |   1 |  152.0 |
         Abyss |    119 |    119 |      0 |      0 |     30 |   1 |  119.0 |
         Sewer |    152 |    152 |      0 |     26 |     48 |   1 |  152.0 |
               +--------+--------+--------+--------+--------+-----+--------+

Top non-repeatable levels by time:
     D:7: 1607 daAuts
     D:6: 1110 daAuts
     D:3: 798 daAuts
     D:1: 725 daAuts
     D:4: 620 daAuts
     D:2: 586 daAuts
     D:8: 490 daAuts
     D:5: 487 daAuts
  Temple: 152 daAuts
   Sewer: 152 daAuts
 Abyss:1: 119 daAuts
